 Dungeon Crawl Stone Soup version 0.14.0-9-g9c5475a (webtiles) character file.

1136 RogerD the Shooter (level 7, -2/52 HPs)
             Began as a Centaur Arcane Marksman on Apr 13, 2014.
             Was a Plaything of Xom.
             Killed from afar by merphle's ghost (9 damage)
             ... with a magic dart
             ... on Level 6 of the Dungeon.
             The game lasted 01:16:06 (5207 turns).

RogerD the Shooter (Centaur Arcane Marksman)        Turns: 5207, Time: 01:16:06

HP  -2/52        AC  5     Str 13      XL: 7   Next: 71%
MP   8/10        EV 10     Int 11      God: Xom
Gold 275         SH  0     Dex 10      Spells:  2 memorised,  7 levels left

rFire  . . .     SeeInvis .     b - +0 bow
rCold  . . .     Clarity  .     i - +0 leather armour (curse)
rNeg   . . .     Conserve .     (no shield)
rPois  .         rCorr    .     v - +0 helmet
rElec  .         rRot     .     (no cloak)
SustAb . .       Spirit   .     (no gloves)
rMut   .         Warding  .     (no barding)
Saprov . . .     Stasis   .     (no amulet)
MR     .....                    (no ring)
                                m - ring of wizardry

@: about to teleport, very quick, not resistant to hostile enchantments,
extremely unstealthy
A: hooves 3, deformed body, dopey 1, herbivore 1, speed 2, fast metabolism 1,
spit poison 1, tough skin 3, evolution 1
a: Spit Poison, Renounce Religion


You were on level 6 of the Dungeon.
You worshipped Xom.
You were a toy of Xom.
You were hungry.

You visited 1 branch of the dungeon, and saw 7 of its levels.
You also visited: Ossuary.

You collected 275 gold pieces.

Inventory:

Hand weapons
 b - a +0,+0 bow (weapon)
 G - a +1 blowgun
Missiles
 x - 9 arrows (quivered)
 z - 2 curare-tipped needles
 E - 3 tomahawks
 H - 9 poisoned needles
Armour
 a - a +0 robe
 i - a cursed +0 leather armour (worn)
 p - a +1 robe of magic resistance
 s - a +0 helmet
 v - a +0 helmet (worn)
Comestibles
 c - an orange
 f - 4 bread rations
 g - a pear
 A - an apple
 B - a choko
 J - a chunk of adder flesh
Scrolls
 e - a scroll of noise
 j - 3 scrolls of identify
 l - a scroll of teleportation
 o - a scroll of remove curse {unknown}
 q - a scroll of fear
 y - a scroll of random uselessness
 C - a scroll of enchant weapon II
Jewellery
 m - a ring of wizardry (left hand)
Potions
 h - a potion of mutation {unknown}
 k - 3 potions of resistance {unknown}
 n - 2 potions of curing
 t - a potion of might {unknown}
 u - a potion of haste {unknown}
 w - a potion of flight {unknown}
 D - a potion of magic {unknown}
 F - a potion of heal wounds
 I - a potion of brilliance {unknown}
Books
 d - a book of Debilitation

   Spells                             Type                      Level
   *Corona                            Hexes                        1
   *Slow                              Hexes                        2
   Inner Flame                        Hexes/Fire                   3
   Enslavement                        Hexes                        4
   Cause Fear                         Hexes                        4
   Leda's Liquefaction                Hexes/Earth                  4


   Skills:
 + Level 1.2 Fighting
 + Level 7.9 Bows
 + Level 2.2 Throwing
 + Level 1.2 Armour
 + Level 2.7 Dodging
 + Level 0.2 Stealth
 + Level 0.2 Unarmed Combat
 + Level 2.4 Spellcasting
 + Level 4.3 Hexes


You had 7 spell levels left.
You knew the following spells:

 Your Spells              Type           Power        Failure   Level  Hunger
a - Corona                Hex            ##.....      2%          1    ##.....
b - Slow                  Hex            ##......     4%          2    ###....


Dungeon Overview and Level Annotations

Branches:
Dungeon (7/15)
 Temple: D:4-7

Altars:
Ashenzari
Okawaru
Vehumet
Xom
Zin

Annotations:
D:6 merphle's ghost, experienced DECj


Innate Abilities, Weirdness & Mutations

You have hooves in place of feet.
Armour fits poorly on your strangely shaped body.
You digest meat inefficiently.
You cover ground very quickly.
You have a fast metabolism.
You have extremely tough skin (AC +3).
You are dopey. (Int -2)
You can spit poison.
You evolve.


Message History

Firing (i - inventory. (,) - cycle):
x - 10 arrows (quivered)
Press: ? - help, Shift-Dir - straight line, f - giant newt
Aim: a giant newt You can't see any item there.
You shoot an arrow. The arrow hits the giant newt.
You kill the giant newt!
Things that are here:
an arrow; a giant newt corpse Merphle's ghost (experienced Deep Elf Conjurer) comes into view.
Merphle's ghost turns its malevolent gaze towards you.
Merphle's ghost casts a spell at you. The magic dart hits you!
* * * LOW HITPOINT WARNING * * *
Read which item? (? for menu, Esc to quit)
As you read the scroll of teleportation, it crumbles to dust.
You feel strangely unstable.
Merphle's ghost points at you and mumbles some strange words.
The magic dart hits you!
You die...
Xom is highly amused!

########### %......?....
########## #...
......#######.####
............p...!#
......#######.##@#
......## #.##.# .......#
#.##(# )......# #.##.#
.......# #.##.#
.......######.##.#####..#
.........................
.......######.##c#####...
.####.## #............


You could see a centaur and merphle's ghost.

Vanquished Creatures
  3 ogres
  A phantom (D:7)
  A giant frog (D:6)
  A scorpion (D:6)
  A crimson imp (D:7)
  A hound (D:3)
  An orc priest (D:4)
  2 worker ants
  2 orc wizards (D:4)
  A mummy (Ossuary)
  5 adders
  4 worms
  An orc zombie (D:7)
  4 giant geckos
  An ooze (D:1)
  16 orcs
  A ball python (D:2)
  2 bat skeletons (D:4)
  3 giant cockroaches (D:4)
  8 goblins
  11 hobgoblins
  3 jackals (D:1)
  4 quokkas
  11 bats
  6 giant newts
  A gnoll skeleton (Ossuary)
  12 kobolds
  2 kobold skeletons (Ossuary)
  7 orc skeletons (Ossuary)
  18 rats
134 creatures vanquished.

Vanquished Creatures (others)
  A golden eye (shapeshifter) (D:4)
1 creature vanquished.

Grand Total: 135 creatures vanquished

Notes
Turn   | Place    | Note
--------------------------------------------------------------
     0 | D:1      | RogerD, the Centaur Arcane Marksman, began the quest for the Orb.
     0 | D:1      | Reached XP level 1. HP: 16/16 MP: 2/2
    17 | D:1      | Reached skill level 3 in Hexes
    76 | D:1      | Reached XP level 2. HP: 17/23 MP: 1/3
   630 | D:1      | Reached XP level 3. HP: 25/28 MP: 2/4
  1132 | D:2      | Reached skill level 4 in Bows
  1333 | D:2      | Found a shattered altar of Ashenzari.
  1474 | D:2      | Reached XP level 4. HP: 35/35 MP: 3/5
  1857 | D:3      | Found a radiant altar of Vehumet.
  1866 | D:3      | Found an iron altar of Okawaru.
  1875 | D:3      | Found a glowing silver altar of Zin.
  1884 | D:3      | Found a shimmering altar of Xom.
  1888 | D:3      | Became a worshipper of Xom the Begetter of Turbulence
  1892 | D:3      | Learned a level 2 spell: Slow
  2027 | D:3      | XOM: potion effect (invisibility)
  2030 | D:3      | Reached skill level 5 in Bows
  2396 | D:4      | XOM: harmless Chrm miscast
  2436 | D:4      | XOM: harmless Conj miscast
  2493 | D:4      | Reached XP level 5. HP: 33/40 MP: 6/6
  2501 | D:4      | XOM: harmless Pois miscast
  2808 | D:4      | Found a sand-covered staircase.
  2814 | Ossuary  | Entered an ossuary
  2814 | Ossuary  | Noticed a guardian mummy
  2814 | Ossuary  | Noticed a guardian mummy
  2814 | Ossuary  | Noticed a guardian mummy
  2832 | Ossuary  | Noticed Faulk's ghost (average DECj)
  2832 | Ossuary  | XOM: cast spell 'Cause Fear'
  2843 | Ossuary  | XOM: cast spell 'Cause Fear'
  3120 | D:4      | XOM: divination: detect creatures
  3129 | D:4      | XOM: silly message
  3272 | D:4      | XOM: give mutations
  3272 | D:4      | Gained mutation: You evolve. [Xom's mischief]
  3272 | D:4      | Gained mutation: You are dopey. (Int -2) [Xom's mischief]
  3272 | D:4      | Gained mutation: You can spit poison. [Xom's mischief]
  3351 | D:4      | HP: 2/40 [poisoned by an adder]
  3356 | D:4      | HP: 2/40 [poisoned by an adder]
  3361 | D:4      | HP: 1/40 [poisoned by an adder]
  3673 | D:4      | Noticed an ice beast
  3678 | D:4      | XOM: enchant monster (bad)
  3689 | D:4      | XOM: silly message
  3692 | D:4      | Noticed a golden eye
  3692 | D:4      | an ice beast changed into a golden eye
  3692 | D:4      | XOM: polymorph ice beast -> golden eye
  3696 | D:4      | XOM: repel stairs
  3697 | D:4      | XOM: harmless Tloc miscast
  3730 | D:4      | XOM: confusion
  3734 | D:4      | Killed a golden eye
  3734 | D:4      | XOM: divine lightning (protected)
  3743 | D:4      | XOM: medium Summ miscast
  3744 | D:4      | Noticed a spatial vortex
  3744 | D:4      | Noticed a spatial vortex
  3744 | D:4      | Noticed a spatial vortex
  3871 | D:4      | Reached XP level 6. HP: 27/47 MP: 6/8
  3977 | D:4      | Noticed an ogre
  3986 | D:4      | XOM: chaos upgrade
  3987 | D:4      | XOM: blink monster(s)
  3989 | D:4      | XOM: enchant monster (bad)
  4000 | D:4      | XOM: mild Fire miscast
  4006 | D:4      | Killed an ogre
  4006 | D:4      | Reached skill level 1 in Throwing
  4028 | D:4      | XOM: colour smoke trail
  4510 | D:5      | Entered Level 5 of the Dungeon
  4512 | D:5      | You fall through a shaft for 2 floors!
  4679 | D:7      | Reached skill level 6 in Bows
  4688 | D:7      | XOM: harmless Erth miscast
  4689 | D:7      | XOM: potion effect (berserk rage)
  4693 | D:7      | XOM: enchant monster (bad)
  4709 | D:7      | Reached XP level 7. HP: 35/52 MP: 10/10
  4907 | D:6      | XOM: confuse monster(s)
  4909 | D:6      | Reached skill level 7 in Bows
  4958 | D:6      | Reached skill level 1 in Armour
  5125 | D:6      | Found a radiant altar of Vehumet.
  5206 | D:6      | Noticed merphle's ghost (experienced DECj)
  5207 | D:6      | Killed from afar by merphle's ghost

Action                   |  1- 3 |  4- 6 |  7- 9 || total
-------------------------+-------+-------+-------++-------
Melee: Unarmed           |     8 |    72 |       ||    80
       Bow               |       |    10 |     4 ||    14
 Fire: Bow               |   115 |   138 |    38 ||   291
       Blowgun           |       |    52 |       ||    52
Throw: Dart              |       |    16 |       ||    16
 Cast: Corona            |    34 |    60 |    13 ||   107
       Slow              |       |     3 |     6 ||     9
 Abil: Spit Poison       |       |     4 |     3 ||     7
  Use: Scroll            |       |     7 |     1 ||     8
       Potion            |       |     4 |       ||     4
